 Dungeon Crawl Stone Soup version 0.31-a0-1598-g94871bc2e8 (webtiles) character file.

Game seed: 14262204053754617726

145 shadizar the Chopper (level 5, -5/43 HPs)
             Began as a Gnoll Wanderer on Jan 7, 2024.
             Slain by an orc priest
             ... wielding a +0 mace
              (6 damage)
             ... on level 3 of the Dungeon.
             The game lasted 00:03:39 (2571 turns).

shadizar the Chopper (Gnoll Wanderer)               Turns: 2571, Time: 00:03:40

Health: -5/43      AC:  5    Str: 14    XL:     5   Next: 27%
Magic:  21/21      EV: 12    Int: 10    God:
Gold:   83         SH:  0    Dex: 12    Spells: 13/14 levels left

rFire   . . .        a - +1 war axe
rCold   + . .        (no shield)
rNeg    . . .        d - +0 leather armour
rPois   .            (no helmet)
rElec   .            (no cloak)
rCorr   .            f - +0 pair of gloves
SInv    .            b - +0 pair of boots
Will    .....        (no amulet)
Stlth   ++           k - ring of protection from cold
HPRegen 0.27/turn    l - ring of magical power
MPRegen 0.17/turn

%: no passive effects
@: no status effects
A: fangs 1, strong nose, distributed training
a: no special abilities


You were on level 3 of the Dungeon.
You visited 1 branch of the dungeon, and saw 3 of its levels.

You collected 83 gold pieces.

Inventory:

Hand Weapons
 a - a +1 war axe (weapon)
Armour
 b - a +0 pair of boots (worn)
 d - a +0 leather armour (worn)
 f - a +0 pair of gloves (worn)
Jewellery
 k - a ring of protection from cold (left hand)
 l - a ring of magical power (right hand)
Scrolls
 c - a scroll of fog
 h - 3 scrolls of enchant weapon
Potions
 e - 2 potions of might {unknown}
 g - a potion of magic {unknown}
 i - 2 potions of heal wounds
 j - 2 potions of curing {unknown}
 m - a potion of haste {unknown}
 n - a potion of mutation {unknown}
 o - a potion of attraction {unknown}
 q - a potion of degeneration {unknown}
 r - a potion of enlightenment {unknown}


   Skills:
 + Level 4.8 Fighting
 + Level 1.5 Short Blades
 + Level 1.5 Long Blades
 + Level 6.7 Axes
 + Level 1.5 Maces & Flails
 + Level 1.5 Polearms
 + Level 1.5 Staves
 + Level 1.5 Ranged Weapons
 + Level 1.5 Throwing
 + Level 1.5 Armour
 + Level 3.0 Dodging
 + Level 2.8 Stealth
 + Level 1.5 Shields
 + Level 1.5 Unarmed Combat
 + Level 5.2 Spellcasting
 + Level 1.2 Conjurations
 + Level 2.4 Hexes
 + Level 1.2 Summonings
 + Level 1.2 Necromancy
 + Level 1.2 Translocations
 + Level 1.2 Fire Magic
 + Level 1.2 Ice Magic
 + Level 1.2 Air Magic
 + Level 1.2 Earth Magic
 + Level 1.2 Alchemy
 + Level 1.7 Invocations
 + Level 1.5 Evocations
 + Level 1.3 Shapeshifting


You had 13 spell levels left.
You knew the following spells:

 Your Spells              Type           Power      Damage    Failure   Level
a - Slow                  Hex            28%        N/A       11%         1

Your spell library contained the following spells:

 Spells                   Type           Power      Damage    Failure   Level
 Foxfire                  Conj/Fire      20%        2x1d5     17%         1
 Tukima's Dance           Hex            7%         N/A       30%         3
 Plasma Beam              Fire/Air       2%         2x1d12    100%        6
 Starburst                Conj/Fire      2%         6d3       100%        6


Dungeon Overview and Level Annotations

Branches:
Dungeon (3/15)

Altars:


Innate Abilities, Weirdness & Mutations

You have very sharp teeth.
Your uncanny sense of smell can sniff out nearby items.
Your experience applies equally to all skills.


Message History

No target in view!
No target in view!
There is a stone staircase leading down here.
Found 4 stones.
You see here 4 stones.
An orc priest comes into view. It is wielding a +0 mace.
The orc priest shouts!
You hear a shout! x2
The orc priest invokes the aid of Beogh against you.
Beogh smites you!
An orc priest comes into view. It is wielding a +2 whip of venom.
You see here 4 stones.
The orc priest looks braver for a moment.
The orc priest hits you with a +0 mace.
You hit the orc priest but do no damage.
The orc priest hits you with a +0 mace.
You barely miss the orc priest.
The orc priest mumbles some strange prayers to Beogh against you.
Beogh smites you!
You barely miss the orc priest. The orc priest misses you.
You hit the orc priest.
The orc priest is lightly wounded.
The orc priest invokes the aid of Beogh against you.
Beogh smites you! The orc priest barely misses you.
You are too injured to fight recklessly!
You are too injured to fight recklessly!
You closely miss the orc priest.
The orc priest is lightly wounded.
The orc priest barely misses you.
You slash the orc priest!
The orc priest is severely wounded.
The orc priest mumbles some strange prayers to Beogh against you.
Beogh smites you!
* * * LOW HITPOINT WARNING * * *
An endoplasm comes into view.
You barely miss the orc priest.
The endoplasm quivers.
You bite the orc priest, but do no damage.
The orc priest is severely wounded.
The orc priest hits you with a +0 mace.
You die...

#(# #.# #...######
#J# #.# #.........
#.# #.# #.(.######
#.# #># ##.## #.#
#.# #.# #.# #.# #.#
#.# #.#####.#######
#o###..............
#.@.>....########..
########># ##< #.#
#. #.# #. #.. ∆ ..
### ##


You could see an orc priest and an endoplasm.

Vanquished Creatures
  An iguana (D:3)
  4 adders
  2 dart slugs
  2 ribbon worms
  8 endoplasms
  2 giant cockroaches (D:1)
  9 goblins
  4 hobgoblins
  2 jackals (D:2)
  5 kobolds
  4 quokkas
  9 ball pythons
  8 bats
  4 frilled lizards
  5 rats
69 creatures vanquished.

Notes
Turn   | Place    | Note
-------+----------+-------------------------------------------
     0 | D:1      | shadizar the Gnoll Wanderer began the quest for the Orb.
     0 | D:1      | shadizar set off with the following items: a +0 war axe, a
                  | +0 pair of boots, a scroll of fog, a +0 leather armour; and
                  | the following spell memorised: Slow; and the following
                  | spells available to memorise: Tukima's Dance.
     0 | D:1      | Reached XP level 1. HP: 20/20 MP: 6/6
   196 | D:1      | Reached XP level 2. HP: 21/26 MP: 7/7
   740 | D:1      | Reached skill level 5 in Spellcasting
   740 | D:1      | Reached XP level 3. HP: 31/31 MP: 7/9
   819 | D:1      | Reached skill level 1 in Invocations
  1250 | D:2      | Reached skill level 1 in Short Blades
  1250 | D:2      | Reached skill level 1 in Long Blades
  1250 | D:2      | Reached skill level 1 in Maces & Flails
  1250 | D:2      | Reached skill level 1 in Polearms
  1250 | D:2      | Reached skill level 1 in Staves
  1250 | D:2      | Reached skill level 1 in Ranged Weapons
  1250 | D:2      | Reached skill level 1 in Throwing
  1250 | D:2      | Reached skill level 1 in Armour
  1250 | D:2      | Reached skill level 1 in Shields
  1250 | D:2      | Reached skill level 1 in Unarmed Combat
  1250 | D:2      | Reached skill level 1 in Evocations
  1356 | D:2      | Reached skill level 1 in Shapeshifting
  1356 | D:2      | Reached XP level 4. HP: 38/38 MP: 11/11
  1409 | D:2      | Reached skill level 1 in Conjurations
  1409 | D:2      | Reached skill level 1 in Summonings
  1409 | D:2      | Reached skill level 1 in Necromancy
  1409 | D:2      | Reached skill level 1 in Translocations
  1409 | D:2      | Reached skill level 1 in Fire Magic
  1409 | D:2      | Reached skill level 1 in Ice Magic
  1409 | D:2      | Reached skill level 1 in Air Magic
  1409 | D:2      | Reached skill level 1 in Earth Magic
  1409 | D:2      | Reached skill level 1 in Alchemy
  2390 | D:3      | Reached XP level 5. HP: 43/43 MP: 12/12
  2570 | D:3      | HP: 1/43 [orc priest/divine providence (13)]
  2571 | D:3      | Slain by an orc priest

Illustrated notes

Levels and vault maps discovered:
D:1:      erik_arrival_cave_to_civilisation [erik_arrival_cave_to_hall],
          layout_loops_corners, skrybe_limestone_x
D:2:      layout_basic
D:3:      layout_loops_ring

Skill      XL: |  1  2  3  4  5 |
---------------+----------------+-----
Hexes          | 2 |  2.4
Spellcasting   | 5 |  5.2
Invocations    | 1 |  1.7
Short Blades   | 1 |  1.5
Long Blades    | 1 |  1.5
Maces & Flails | 1 |  1.5
Polearms       | 1 |  1.5
Staves         | 1 |  1.5
Ranged Weapons | 1 |  1.5
Throwing       | 1 |  1.5
Armour         | 1 |  1.5
Shields        | 1 |  1.5
Unarmed Combat | 1 |  1.5
Evocations     | 1 |  1.5
Shapeshifting  | 1 |  1.3
Conjurations   | 1 |  1.2
Summonings     | 1 |  1.2
Necromancy     | 1 |  1.2
Translocations | 1 |  1.2
Fire Magic     | 1 |  1.2
Ice Magic      | 1 |  1.2
Air Magic      | 1 |  1.2
Earth Magic    | 1 |  1.2
Alchemy        | 1 |  1.2
Dodging        | 3 |  3.0
Fighting       | |  4.8
Axes           | |  6.7
Stealth        | |  2.8

Action                     |  1- 3 |  4- 6 || total
---------------------------+-------+-------++-------
  Melee: War axe           |    97 |    92 ||   189
         Bite              |     9 |     9 ||    18
         Punch             |       |     2 ||     2
    Use: Scroll            |     5 |     1 ||     6
   Stab: Sleeping          |     8 |     5 ||    13
 Armour: Leather armour    |    37 |    56 ||    93
  Dodge: Dodged            |    69 |    63 ||   132

Table legend: (Time is in decaauts)
 A = Elapsed time spent in this place.
 B = Non-inter-level travel time spent in this place.
 C = Inter-level travel time spent in this place.
 D = Time resting spent in this place.
 E = Time spent auto-exploring this place.
 F = Levels seen in this place.
 G = Mean time per level.
                   A        B        C        D        E       F      G
               +--------+--------+--------+--------+--------+-----+--------+
         Total |   2601 |   2540 |     61 |      0 |   1964 |   3 |  867.0 |
       Dungeon |   2601 |   2540 |     61 |      0 |   1964 |   3 |  867.0 |
               +--------+--------+--------+--------+--------+-----+--------+

Top non-repeatable levels by time:
     D:1: 1186 daAuts
     D:2: 734 daAuts
     D:3: 680 daAuts
